 Dungeon Crawl Stone Soup version 0.18.1-48-g4cf74bf (webtiles) character file.

776 tyranidshit the Skirmisher (level 7, 0/73 HPs)
             Began as a Deep Dwarf Necromancer on July 22, 2016.
             Was a Believer of Makhleb.
             Slain by an orc warrior
             ... wielding a +0 flail
              (22 damage)
             ... on level 6 of the Dungeon.
             The game lasted 00:13:36 (3687 turns).

tyranidshit the Skirmisher (Deep Dwarf Necromancer) Turns: 3687, Time: 00:13:36

Health: 0/73       AC:  8    Str: 13    XL:     7   Next: 54%
Magic:  8/8        EV: 11    Int: 16    God:    Makhleb [**....]
Gold:   157        SH:  0    Dex: 13    Spells: 1 memorised, 8 levels left

rFire  . . .     SeeInvis .     n - +0 whip (flame)
rCold  . . .     Gourm    .     e - +0 ring mail
rNeg   . . .     Faith    .     (no shield)
rPois  .         Spirit   .     (no helmet)
rElec  .         Dismiss  .     (no cloak)
rCorr  .         Reflect  .     x - +0 pair of gloves
SustAt .         Harm     .     m - +1 pair of boots
MR     +....     Rnd*Tele +     (no amulet)
Stlth  ..........               t - ring of teleportation (curse)
                                o - ring of loudness (curse)

@: non-regenerating, somewhat resistant to hostile enchantments, extremely
unstealthy
A: damage resistance, recharge devices, sense surroundings 1, slow regeneration
3
a: Device Recharging, Minor Destruction, Renounce Religion


You were on level 6 of the Dungeon.
You worshipped Makhleb.
Makhleb was pleased with you.
You were not hungry.

You visited 1 branch of the dungeon, and saw 6 of its levels.

You collected 271 gold pieces.
You spent 114 gold pieces at shops.

Inventory:

Hand Weapons
 d - a +0 hand axe
 n - a +0 whip of flaming (weapon)
 y - a +0 rapier
Missiles
 A - 20 poisoned needles
Armour
 a - a +0 robe
 e - a +0 ring mail (worn)
 m - a +1 pair of boots (worn)
 x - a +0 pair of gloves (worn)
Jewellery
 o - a cursed ring of loudness (left hand)
 s - an uncursed amulet of faith
 t - a cursed ring of teleportation (right hand)
Wands
 c - a wand of heal wounds (1/9)
Scrolls
 h - 9 scrolls of identify
 l - 2 scrolls of amnesia
 u - a scroll of enchant weapon
Potions
 f - a potion of cure mutation
 g - 3 potions of brilliance
 p - 2 potions of magic
 z - a potion of heal wounds
Books
 b - a book of Necromancy

   Spells                             Type                      Level
   a - Pain                           Necromancy                   1
   b - Animate Skeleton               Necromancy                   1
   c - Vampiric Draining              Necromancy                   3
   d - Regeneration                   Charms/Necromancy            3
   e - Animate Dead                   Necromancy                   4
   f - Control Undead                 Necromancy                   4
 k - a book of Burglary

   Spells                             Type                      Level
   a - Swiftness                      Charms/Air                   2
   b - Passwall                       Transmutation/Earth          2
   c - Passage of Golubria            Translocation                4
   d - Lee's Rapid Deconstruction     Earth                        5
   e - Darkness                       Hexes                        6
   f - Invisibility                   Hexes                        6
Comestibles
 i - 2 beef jerkies
 q - a meat ration
 r - 12 fruits
 v - a bread ration


   Skills:
 + Level 7.6 Fighting
 - Level 2.1 Dodging
 - Level 2.4 Stealth
 - Level 1.7 Spellcasting
 - Level 4.3 Necromancy


You had 8 spell levels left.
You knew the following spells:

 Your Spells              Type           Power        Failure   Level  Hunger
a - Pain                  Necr           ###.         10%         1    ##.....


Dungeon Overview and Level Annotations

Branches:
Dungeon (6/15)
 Temple: D:4-7

Altars:
Makhleb
Qazlal
Trog
Xom

Shops:
D:5 ?

Annotations:
D:4 Menkaure; TBriggs11TB's ghost, amateur MiFi
D:5 TBriggs11TB's ghost, amateur MiFi


Innate Abilities, Weirdness & Mutations

You are resistant to damage.
You can recharge devices by infusing magical energy.
You passively map a small area around you.
You do not regenerate naturally.


Message History

You closely miss the orc warrior. The orc barely misses you.
The orc warrior misses you.
You hit the orc warrior but do no damage.
The orc hits you with a flail. The orc warrior hits you with a flail!
* * * LOW HITPOINT WARNING * * *
Evoke which item? (* to show all) (? for menu, Esc to quit)
Zapping:
c - a wand of heal wounds (2/9)
Press: ? - help, Shift-Dir - straight line, f - you You feel much better.
This wand has 1 charge left.
The orc barely misses you. The orc warrior hits you with a flail!!
You barely miss the orc warrior. The orc completely misses you.
The orc warrior barely misses you.
You hit the orc warrior but do no damage.
The orc hits you but does no damage.
You hit the orc warrior but do no damage.
The orc warrior hits you but does no damage.
The orc priest casts a cantrip, but nothing happens.
You hit the orc warrior but do no damage.
The orc hits you with a flail. The orc warrior hits you with a flail!!
You die...

##### ####### ## ....######
###.....##### ###.
....#....#####...........#####...
.[..#.##.......#......#........#.
..(............#......#..#.###...
..........o....#............##...
....####.###.#o###...............
..............oo@.............>##
..######.###.#.#o#...........#.##
..### ### #.#.#.#...............
o...# #.#.#.#............##.
....########...#.#...........## .
o....##......#...............###.
.....##.####<....................
...(.##.# #....................#
.o....#.# #.#.......#..#...#####


You could see an orc warrior, an orc priest and 2 orcs.

Vanquished Creatures
  An ogre (D:5)
  2 giant frogs
  A scorpion (D:6)
  A howler monkey (D:6)
  A giant frog zombie (D:5)
  2 hounds
  2 orc priests (D:4)
  A jelly (D:5)
  An iguana (D:4)
  An orc wizard (D:4)
  2 worker ants
  A hound skeleton (D:5)
  A worker ant zombie (D:5)
  9 adders
  2 oozes
  An adder zombie (D:3)
  An adder skeleton (D:4)
  A worm (D:2)
  A dart slug (D:2)
  A giant gecko (D:5)
  7 orcs
  4 ball pythons
  4 giant cockroaches
  4 goblins
  6 hobgoblins
  6 jackals
  3 quokkas
  6 bats
  5 giant newts
  7 kobolds
  7 rats
92 creatures vanquished.

Vanquished Creatures (others)
  A wizard (D:3)
1 creature vanquished.

Grand Total: 93 creatures vanquished

Notes
Turn   | Place    | Note
--------------------------------------------------------------
     0 | D:1      | tyranidshit the Deep Dwarf Necromancer began the quest for the Orb.
     0 | D:1      | Reached XP level 1. HP: 15/15 MP: 3/3
   172 | D:1      | Reached skill level 1 in Fighting
   370 | D:1      | Reached XP level 2. HP: 17/25 MP: 1/4
   814 | D:2      | Found a burning altar of Makhleb.
   824 | D:2      | Reached skill level 2 in Fighting
   843 | D:2      | Found a shimmering altar of Xom.
   847 | D:2      | Became a worshipper of Makhleb the Destroyer
   877 | D:2      | Reached XP level 3. HP: 13/33 MP: 5/5
  1059 | D:2      | Found a stormy altar of Qazlal.
  1189 | D:2      | Reached skill level 3 in Fighting
  1516 | D:3      | Reached * piety under Makhleb
  1516 | D:3      | Reached XP level 4. HP: 21/42 MP: 6/6
  1585 | D:3      | Found a bloodstained altar of Trog.
  1587 | D:3      | Noticed a wizard
  1592 | D:3      | Killed a wizard
  1733 | D:3      | Noticed a giant frog
  1752 | D:3      | Killed a giant frog
  1752 | D:3      | Reached skill level 4 in Fighting
  1752 | D:3      | Reached XP level 5. HP: 42/50 MP: 7/7
  2224 | D:4      | Reached skill level 5 in Fighting
  2244 | D:4      | Reached XP level 6. HP: 19/61 MP: 8/8
  2320 | D:4      | Noticed Menkaure
  2371 | D:4      | Noticed TBriggs11TB's ghost (amateur MiFi)
  2662 | D:4      | Found Lauminat's Luxury Loot.
  2775 | D:5      | Entered Level 5 of the Dungeon
  2810 | D:5      | Reached skill level 6 in Fighting
  2850 | D:5      | Found Unamuomi's Magic Scroll Emporium.
  2867 | D:5      | Bought a scroll of recharging for 114 gold pieces
  2873 | D:5      | Noticed TBriggs11TB's ghost (amateur MiFi)
  2977 | D:5      | Reached ** piety under Makhleb
  3053 | D:5      | Reached XP level 7. HP: 57/70 MP: 8/8
  3288 | D:6      | Reached skill level 7 in Fighting
  3687 | D:6      | Slain by an orc warrior

Skill      XL: |  1  2  3  4  5  6  7 |
---------------+----------------------+-----
Fighting       | 1 2 3 4 5 6 7 |  7.6
Dodging        | |  2.1
Stealth        | |  2.4
Spellcasting   | |  1.7
Necromancy     | |  4.3

Action                   |  1- 3 |  4- 6 |  7- 9 || total
-------------------------+-------+-------+-------++-------
Melee: Mace              |    27 |       |       ||    27
       Dagger            |    12 |       |       ||    12
       Whip              |   148 |   204 |   126 ||   478
       Hand axe          |       |    51 |       ||    51
 Cast: Pain              |     4 |       |       ||     4
 Abil: Device Recharging |       |     1 |       ||     1
Evoke: Wand              |       |     9 |     2 ||    11
  Use: Scroll            |     6 |     4 |     3 ||    13
       Potion            |     2 |     6 |     2 ||    10
 Stab: Sleeping          |     1 |       |       ||     1
  Eat: Bread ration      |     1 |     1 |       ||     2
       Pizza             |       |       |     1 ||     1
Armor: Ring mail         |   112 |   108 |    88 ||   308
       Robe              |     1 |       |       ||     1
       Skin              |       |       |     9 ||     9
Dodge: Dodged            |   151 |   149 |   151 ||   451
